Map: Lost and Found LE

Players

baleeet - Winner!

  • Race: Zerg Zerg
  • League: Silver
  • Spawn Location: 1:00

Zern

  • Race: Zerg Zerg
  • Spawn Location: 7:00

VOD

Have the link to the VOD?

Description

Time

  • Played on: Oct. 21, 2018, 6:56 p.m.
  • Length: 7:29
Show
View Real Time Build Order
Export as new Build Order

baleeet Zerg - Winner!

Build Orders: Pool First 

Get SALT Encoding   

  12  0:01  Drone  
  13  0:11  Drone  
  14  0:27  Spawning Pool  
  13  0:29  Drone  
  14  0:56  Hatchery  
  13  0:57  Drone  
  14  1:06  Overlord  
  14  1:23  Queen  
  14  1:24  Extractor  
  14  1:25  Drone  
  16  1:39  Drone x3  
  19  1:52  Overlord  
  19  2:05  Roach Warren  
  19  2:08  Queen  
  18  2:10  Drone  
  18  2:15  Drone  
  22  2:22  Drone x2  
  24  2:25  Drone  
  25  2:34  Zergling x2  
  25  2:35  Zergling x2  
  27  2:43  Drone  
  28  2:47  Extractor  
  28  2:49  Drone x3  
  28  2:50  Drone  
  31  3:00  Drone x2  
  33  3:13  Drone x3  
  36  3:32  Overlord x3  
  36  3:49  Lair  
  36  3:56  Roach  
  36  3:57  Roach x3  
  36  4:02  Hatchery, Roach  
  43  4:20  Roach x4  
  51  4:28  Drone  
  52  4:34  Drone, Extractor  
  52  4:35  Overlord  
  52  4:36  Overlord x2  
  52  4:37  Extractor  
  51  5:09  Roach x2  
  51  5:10  Roach x4  
  63  5:20  Roach  
  77  5:21  Roach x6  
  77  5:25  Drone  
  78  5:34  Glial Reconstitution  
  78  5:38  Drone x3  
  81  5:47  Drone  
  81  5:49  Overlord  
  82  6:10  Drone x8  
  82  6:11  Overlord  
  82  6:52  Roach x8  
  98  6:54  Overlord  
Show
View Real Time Build Order
Export as new Build Order

Zern Zerg 

Build Orders: Pool First 

Get SALT Encoding   

  12  0:02  Drone  
  13  0:09  Drone  
  14  0:30  Spawning Pool  
  14  0:32  Drone  
  14  0:37  Overlord  
  14  0:51  Overlord  
  14  0:59  Extractor  
  14  1:03  Evolution Chamber  
  13  1:04  Drone x2  
  14  1:17  Zergling x2  
  15  1:21  Drone  
  16  1:32  Drone  
  17  1:43  Hatchery  
  16  1:52  Queen  
  18  2:03  Drone x2  
  18  2:05  Drone  
  21  2:21  Roach Warren  
  20  2:27  Drone x2  
  22  2:44  Drone  
  23  2:54  Extractor  
  23  2:55  Drone  
  23  3:00  Drone  
  23  3:03  Drone  
  23  3:04  Drone x2  
  27  3:07  Queen  
  29  3:14  Drone x2  
  31  3:26  Lair  
  31  3:30  Drone x2  
  33  3:36  Roach  
  33  3:38  Overlord  
  33  3:40  Overlord  
  35  3:50  Drone  
  36  3:55  Spine Crawler  
  36  3:59  Drone  
  36  4:02  Roach x3  
  42  4:25  Drone x4  
  42  4:26  Drone  
  47  4:32  Burrow  
  47  4:37  Roach x2  
  51  4:38  Overlord  
  51  4:39  Overlord  
  51  4:44  Drone  
  52  4:58  Hatchery, Drone  
  52  5:03  Queen  
  52  5:05  Overlord  
  54  5:12  Hydralisk Den  
  53  5:19  Spire  
  52  5:33  Drone x3  
  52  5:34  Drone x2  
  57  5:36  Overlord x2  
  57  5:44  Roach x3  
  63  5:52  Extractor  
  63  5:55  Extractor  
  63  5:56  Drone x2  
  63  5:59  Drone  
  63  6:00  Drone  
  63  6:04  Baneling Nest  
  64  6:06  Grooved Spines  
  64  6:11  Drone  
  64  6:13  Queen  
  67  6:25  Drone x4  
  71  6:32  Roach x3  
  62  6:45  Spine Crawler  
  49  6:51  Spine Crawler  
  40  6:54  Spine Crawler  
Tags
 
Add a new tag
Caveats
  • Supply blocks, unpowered buildings, or Contaminate may cause inaccurate times.
  • Supply counts are checked every 10 seconds.